[ AOE2 MATCH · #507801128 ]
UnrankedRomans vs Ethiopians
Player's team · WIN
Rival team · LOSS
[ REPLAY ANALYSIS · EXTRACTED FROM THE RECORDED GAME ]
Feudal
11:54
Castle
20:49
Imperial
34:44
| APM avg | 82.2 |
| APM peak | 205 |
| eAPM avg | 49.8 |
| Villagers / military | 364 / 941 |
Focus
⚔️ 69.2% · 🌾 30.8%
Scout Cavalry ×545 · Scorpion ×254 · Militia ×60 · Knight ×44 · Skirmisher ×30 · Trebuchet (Packed) ×5
Feudal
9:16
Castle
19:36
Imperial
33:50
| APM avg | 41.4 |
| APM peak | 102 |
| eAPM avg | 24.9 |
| Villagers / military | 283 / 698 |
Focus
⚔️ 36.4% · 🌾 63.6%
Spearman ×411 · Archer ×212 · Bombard Cannon ×25 · Skirmisher ×21 · Shotel Warrior ×13 · Trebuchet (Packed) ×11
Match map
Initial resources + every placement click. Lines = walls · curves = elevation contours. ◆ gold · ⬟ stone · ● berries · ✦ relic · ◌ wall gap
Your base· ✓ Closed at 20:49 · 29t walls · no gate
Private's base· ✓ Closed at 19:36 · 15t walls · 4 gate(s)
Smoothed initial terrain · ◌ = detected wall gap · hover for details
Inputs per minute
— katzzlikemeowmix - - Private
Build order — katzzlikemeowmix
First 150 of 879 actions detected
| 0:00 | Queue | Villager (Male) |
| 0:01 | Build | House |
| 0:02 | Build | House |
| 0:06 | Queue | Villager (Male) |
| 0:08 | Queue | Villager (Male) |
| 0:09 | Queue | Villager (Male) |
| 1:21 | Queue | Villager (Male) |
| 1:45 | Build | Lumber Camp |
| 1:59 | Queue | Villager (Male) |
| 2:22 | Queue | Villager (Male) |
| 2:42 | Queue | Villager (Male) |
| 2:54 | Queue | Villager (Male) |
| 3:24 | Queue | Villager (Male) |
| 3:47 | Queue | Villager (Male) |
| 4:05 | Build | House |
| 4:13 | Queue | Villager (Male) |
| 4:17 | Research | Loom |
| 4:18 | Queue | Villager (Male) |
| 4:35 | Build | Barracks |
| 4:49 | Queue | Villager (Male) |
| 5:01 | Build | House |
| 5:11 | Queue | Villager (Male) |
| 5:31 | Queue | Militia |
| 5:33 | Queue | Militia |
| 5:43 | Queue | Villager (Male) |
| 6:02 | Build | House |
| 6:02 | Queue | Militia |
| 6:17 | Queue | Villager (Male) |
| 6:35 | Build | Palisade Wall |
| 6:44 | Queue | Villager (Male) |
| 6:49 | Build | Mill |
| 7:12 | Queue | Villager (Male) |
| 7:19 | Build | Palisade Wall |
| 7:31 | Queue | Villager (Male) |
| 7:33 | Queue | Villager (Male) |
| 8:02 | Build | Mill |
| 8:31 | Build | Farm |
| 8:54 | Queue | Villager (Male) |
| 9:06 | Build | Farm |
| 9:11 | Build | Farm |
| 9:14 | Queue | Villager (Male) |
| 9:21 | Build | Farm |
| 9:25 | Build | House |
| 9:26 | Build | Palisade Wall |
| 9:28 | Build | Palisade Wall |
| 9:43 | Research | Feudal Age |
| 9:50 | Build | Palisade Wall |
| 9:50 | Build | Palisade Wall |
| 9:51 | Build | Palisade Wall |
| 10:22 | Build | House |
| 10:23 | Build | Palisade Wall |
| 10:31 | Build | Palisade Wall |
| 11:23 | Build | Palisade Wall |
| 11:32 | Queue | Villager (Male) |
| 11:49 | Build | House |
| 11:54 | Age | Feudal Age |
| 11:56 | Queue | Villager (Male) |
| 11:58 | Queue | Spearman |
| 12:01 | Build | Archery Range |
| 12:02 | Build | House |
| 12:09 | Build | Mining Camp |
| 12:14 | Queue | Villager (Male) |
| 12:21 | Build | House |
| 12:22 | Build | House |
| 12:30 | Research | Double-Bit Axe |
| 12:33 | Queue | Villager (Male) |
| 12:39 | Build | House |
| 12:53 | Queue | Villager (Male) |
| 13:10 | Build | Farm |
| 13:11 | Build | Farm |
| 13:29 | Queue | Skirmisher |
| 13:46 | Build | Farm |
| 13:47 | Research | Horse Collar |
| 13:48 | Queue | Villager (Male) |
| 13:50 | Queue | Skirmisher |
| 14:04 | Queue | Villager (Male) |
| 14:10 | Queue | Skirmisher |
| 14:20 | Queue | Villager (Male) |
| 14:30 | Build | Blacksmith |
| 14:32 | Queue | Villager (Male) |
| 14:42 | Queue | Villager (Male) |
| 14:48 | Queue | Skirmisher |
| 14:57 | Queue | Villager (Male) |
| 15:03 | Build | Mill |
| 15:11 | Queue | Villager (Male) |
| 15:21 | Queue | Villager (Male) |
| 15:23 | Queue | Skirmisher |
| 15:28 | Research | Fletching |
| 15:32 | Build | Lumber Camp |
| 15:40 | Queue | Skirmisher |
| 15:41 | Queue | Villager (Male) |
| 16:03 | Research | Padded Archer Armor |
| 16:05 | Queue | Skirmisher |
| 16:15 | Build | Farm |
| 16:16 | Build | Farm |
| 16:20 | Build | Farm |
| 16:23 | Build | Farm |
| 16:25 | Build | Farm |
| 16:34 | Queue | Villager (Male) |
| 16:39 | Queue | Skirmisher |
| 16:59 | Build | Farm |
| 17:01 | Build | Farm |
| 17:04 | Build | Farm |
| 17:11 | Build | Farm |
| 17:13 | Queue | Villager (Male) |
| 17:30 | Queue | Villager (Male) |
| 17:35 | Queue | Skirmisher |
| 17:52 | Build | Farm |
| 18:03 | Research | Castle Age |
| 18:05 | Research | Gold Mining |
| 18:12 | Build | House |
| 18:13 | Build | House |
| 18:13 | Build | House |
| 18:14 | Build | House |
| 18:22 | Queue | Skirmisher |
| 18:30 | Build | Farm |
| 18:51 | Queue | Skirmisher |
| 18:52 | Research | Padded Archer Armor |
| 19:06 | Build | Lumber Camp |
| 19:19 | Queue | Skirmisher |
| 19:32 | Queue | Villager (Male) |
| 19:39 | Queue | Skirmisher |
| 19:56 | Queue | Skirmisher |
| 20:05 | Research | Town Watch |
| 20:09 | Build | House |
| 20:10 | Build | House |
| 20:11 | Build | House |
| 20:22 | Queue | Skirmisher |
| 20:40 | Build | Stable |
| 20:49 | Age | Castle Age |
| 20:58 | Research | Elite Skirmisher (upgrade) |
| 21:00 | Research | Bodkin Arrow |
| 21:06 | Queue | Villager (Male) |
| 21:15 | Queue | Villager (Male) |
| 21:23 | Research | Leather Archer Armor |
| 21:34 | Build | Farm |
| 21:40 | Queue | Skirmisher |
| 21:45 | Build | Market |
| 22:04 | Queue | Villager (Male) |
| 22:05 | Queue | Villager (Male) |
| 22:08 | Build | Town Center |
| 22:30 | Queue | Skirmisher |
| 22:53 | Queue | Skirmisher |
| 23:05 | Queue | Villager (Male) |
| 23:11 | Queue | Villager (Male) |
| 23:13 | Build | Town Center |
| 23:15 | Queue | Villager (Male) |
| 23:25 | Build | House |
| 23:28 | Build | House |
| 23:43 | Queue | Villager (Male) |
Build order — Private
First 150 of 843 actions detected
| 0:00 | Queue | Villager (Male) |
| 0:01 | Queue | Villager (Male) |
| 0:02 | Build | House |
| 0:03 | Build | House |
| 0:14 | Queue | Villager (Male) |
| 0:54 | Queue | Villager (Male) |
| 1:30 | Build | House |
| 1:37 | Queue | Villager (Male) |
| 1:58 | Queue | Villager (Male) |
| 2:01 | Build | Mill |
| 2:25 | Queue | Villager (Male) |
| 2:52 | Queue | Villager (Male) |
| 3:18 | Queue | Villager (Male) |
| 3:36 | Queue | Villager (Male) |
| 3:53 | Queue | Villager (Male) |
| 3:57 | Queue | Villager (Male) |
| 4:33 | Queue | Villager (Male) |
| 4:45 | Queue | Villager (Male) |
| 5:01 | Queue | Villager (Male) |
| 5:06 | Build | Lumber Camp |
| 5:38 | Queue | Villager (Male) |
| 6:01 | Research | Loom |
| 6:47 | Build | Mining Camp |
| 7:02 | Research | Feudal Age |
| 7:15 | Build | House |
| 7:26 | Build | Palisade Gate |
| 7:33 | Build | House |
| 8:05 | Queue | Villager (Male) |
| 8:27 | Build | Barracks |
| 8:36 | Build | House |
| 9:16 | Age | Feudal Age |
| 9:16 | Build | Palisade Gate |
| 9:19 | Build | House |
| 9:24 | Research | Double-Bit Axe |
| 9:33 | Queue | Villager (Male) |
| 9:48 | Queue | Villager (Male) |
| 10:23 | Build | Archery Range |
| 10:30 | Queue | Villager (Male) |
| 10:42 | Build | Mill |
| 11:20 | Queue | Villager (Male) |
| 11:20 | Queue | Villager (Male) |
| 11:21 | Queue | Archer |
| 11:23 | Build | Blacksmith |
| 11:43 | Queue | Villager (Male) |
| 11:54 | Queue | Archer |
| 11:58 | Queue | Archer |
| 12:01 | Build | Archery Range |
| 12:02 | Build | House |
| 12:03 | Build | House |
| 12:06 | Research | Fletching |
| 12:18 | Build | Farm |
| 12:20 | Build | Farm |
| 12:23 | Build | Farm |
| 12:25 | Queue | Villager (Male) |
| 12:45 | Queue | Archer |
| 12:45 | Queue | Villager (Male) |
| 12:48 | Build | House |
| 13:04 | Research | Town Watch |
| 13:07 | Build | Farm |
| 13:09 | Build | Farm |
| 13:11 | Build | Farm |
| 13:12 | Queue | Villager (Male) |
| 13:22 | Queue | Archer |
| 13:26 | Build | House |
| 13:28 | Build | Palisade Gate |
| 13:36 | Queue | Villager (Male) |
| 14:03 | Queue | Villager (Male) |
| 14:05 | Build | House |
| 14:07 | Build | House |
| 14:08 | Queue | Villager (Male) |
| 14:10 | Build | Farm |
| 14:23 | Build | Farm |
| 14:23 | Queue | Villager (Male) |
| 14:38 | Queue | Villager (Male) |
| 15:06 | Queue | Villager (Male) |
| 15:09 | Build | Market |
| 15:11 | Build | Palisade Wall |
| 15:14 | Build | Farm |
| 15:25 | Build | Farm |
| 15:29 | Queue | Villager (Male) |
| 15:49 | Build | Farm |
| 15:55 | Build | Farm |
| 16:08 | Queue | Villager (Male) |
| 16:29 | Build | Palisade Wall |
| 16:56 | Research | Castle Age |
| 17:01 | Queue | Archer |
| 17:01 | Queue | Archer |
| 17:20 | Queue | Archer |
| 17:22 | Research | Horse Collar |
| 17:41 | Build | House |
| 17:49 | Queue | Archer |
| 17:51 | Research | Padded Archer Armor |
| 18:05 | Queue | Archer |
| 18:07 | Research | Gold Mining |
| 18:16 | Queue | Villager (Male) |
| 18:20 | Build | Lumber Camp |
| 18:27 | Queue | Archer |
| 18:35 | Build | Palisade Gate |
| 18:55 | Queue | Villager (Male) |
| 19:06 | Queue | Archer |
| 19:08 | Queue | Archer |
| 19:11 | Build | Palisade Wall |
| 19:36 | Age | Castle Age |
| 19:37 | Research | Bodkin Arrow |
| 19:38 | Research | Crossbowman (upgrade) |
| 19:49 | Queue | Villager (Male) |
| 19:52 | Research | Bow Saw |
| 19:53 | Queue | Villager (Male) |
| 20:13 | Build | Monastery |
| 20:19 | Queue | Villager (Male) |
| 20:24 | Queue | Archer |
| 20:25 | Queue | Archer |
| 20:27 | Queue | Villager (Male) |
| 20:31 | Build | Farm |
| 20:42 | Queue | Archer |
| 20:47 | Queue | Archer |
| 21:00 | Queue | Monk |
| 21:05 | Build | House |
| 21:27 | Queue | Villager (Male) |
| 21:38 | Queue | Villager (Male) |
| 21:43 | Build | Town Center |
| 21:49 | Build | House |
| 21:52 | Queue | Archer |
| 21:53 | Queue | Archer |
| 21:55 | Queue | Villager (Male) |
| 22:04 | Queue | Monk |
| 22:32 | Queue | Villager (Male) |
| 22:52 | Queue | Villager (Male) |
| 22:53 | Queue | Archer |
| 22:53 | Queue | Archer |
| 23:08 | Build | House |
| 23:10 | Queue | Villager (Male) |
| 23:12 | Queue | Villager (Male) |
| 23:14 | Build | Farm |
| 23:21 | Queue | Villager (Male) |
| 23:26 | Build | Town Center |
| 23:50 | Queue | Villager (Male) |
| 23:50 | Queue | Villager (Male) |
| 23:53 | Build | Siege Workshop |
| 23:55 | Queue | Archer |
| 23:56 | Queue | Archer |
| 24:10 | Queue | Villager (Male) |
| 24:10 | Queue | Villager (Male) |
| 24:16 | Research | Wheelbarrow |
| 24:18 | Build | Farm |
| 24:22 | Queue | Archer |
| 24:22 | Queue | Archer |
| 24:40 | Queue | Archer |
| 24:40 | Queue | Archer |
| 24:45 | Build | House |
Match timeline
| 4:35 | katzzlikemeowmix · first_building Barracks |
| 6:35 | katzzlikemeowmix · wall_segment Palisade Wall x5 |
| 7:19 | katzzlikemeowmix · wall_segment Palisade Wall x1 |
| 8:27 | Private · first_building Barracks |
| 9:16 | Private · age_up feudal |
| 9:26 | katzzlikemeowmix · wall_segment Palisade Wall x1 |
| 9:28 | katzzlikemeowmix · wall_segment Palisade Wall x7 |
| 9:50 | katzzlikemeowmix · wall_segment Palisade Wall x1 |
| 9:50 | katzzlikemeowmix · wall_segment Palisade Wall x1 |
| 9:51 | katzzlikemeowmix · wall_segment Palisade Wall x7 |
| 10:23 | Private · first_building Archery Range |
| 10:23 | katzzlikemeowmix · wall_segment Palisade Wall x3 |
| 10:31 | katzzlikemeowmix · wall_segment Palisade Wall x2 |
| 11:23 | katzzlikemeowmix · wall_segment Palisade Wall x1 |
| 11:54 | katzzlikemeowmix · age_up feudal |
| 12:01 | katzzlikemeowmix · first_building Archery Range |
| 15:11 | Private · wall_segment Palisade Wall x1 |
| 16:29 | Private · wall_segment Palisade Wall x10 |
| 16:30 | Private · first_market_sell 100 stone |
| 16:33 | Private · first_market_buy 100 food |
| 19:11 | Private · wall_segment Palisade Wall x4 |
| 19:36 | Private · age_up castle |
| 20:13 | Private · first_building Monastery |
| 20:40 | katzzlikemeowmix · first_building Stable |
| 20:49 | katzzlikemeowmix · age_up castle |
| 23:53 | Private · first_building Siege Workshop |
| 25:43 | katzzlikemeowmix · first_market_buy 100 stone |
| 28:59 | katzzlikemeowmix · first_building Siege Workshop |
| 30:18 | Private · first_building Castle |
| 31:18 | katzzlikemeowmix · first_building Monastery |
| 33:50 | Private · age_up imperial |
| 34:44 | katzzlikemeowmix · age_up imperial |
| 36:06 | katzzlikemeowmix · first_building Castle |
| 37:28 | katzzlikemeowmix · first_market_sell 100 food |
| 38:03 | Private · wall_segment Palisade Wall x1 |
| 87:27 | Private · resign |
[ AI ANALYSIS · 1 CREDIT ]
What really happened in this match?
Wolo.gg analyzes every decision: build order, eco, micro, common mistakes by bracket. Personalized analysis on WhatsApp or Discord in 30 seconds.
Civ guide
Romans
Perfil
katzzlikemeowmix